 Dungeon Crawl Stone Soup version 0.20.0-4-g10b340a (webtiles) character file.

135 Gargoyl the Skirmisher (level 5, 0/46 HPs)
             Began as a Ghoul Abyssal Knight on May 28, 2017.
             Was a Follower of Lugonu.
             Slain by a bat (1 damage)
             ... on level 3 of the Dungeon.
             The game lasted 00:06:03 (2204 turns).

Gargoyl the Skirmisher (Ghoul Abyssal Knight)       Turns: 2204, Time: 00:06:04

Health: 0/46       AC:  6    Str: 14 (16) XL:     5   Next: 18%
Magic:  6/6        EV: 11    Int:  7      God:    Lugonu [*.....]
Gold:   180        SH:  0    Dex:  9      Spells: 4/4 levels left

rFire    . . .     SeeInvis .   p - +1 whip (drain)
rCold    + . .     Gourm    .   (no shield)
rNeg     + + +     Faith    .   d - +1 ring mail
rPois    ∞         Spirit   .   (no helmet)
rElec    .         Reflect  .   (no cloak)
rCorr    .         Harm     .   (no gloves)
MR       .....     Rnd*Tele +   (no boots)
Stlth    ..........             (no amulet)
Regen    0.0/turn               e - ring of teleportation (curse)
MPRegen  0.1/turn               f - ring of loudness (curse)

@: flying, rotting, hasted, very quick
A: rotting body, claws 1, carnivore 3, cold resistance 1, negative energy
resistance 3, inhibited regeneration, torment resistance, unbreathing
a: Depart the Abyss, Renounce Religion


You were on level 3 of the Dungeon.
You worshipped Lugonu.
Lugonu was aware of your devotion.
You were not hungry.

You visited 1 branch of the dungeon, and saw 3 of its levels.
You visited the Abyss 1 time.

You collected 180 gold pieces.

Inventory:

Hand Weapons
 a - a +1 hand axe
 i - a +0 spear
 p - a +1 whip of draining (weapon)
Missiles
 n - 4 tomahawks (quivered)
Armour
 d - a +1 ring mail (worn)
Jewellery
 e - a cursed ring of teleportation (left claw)
 f - a cursed ring of loudness (right claw)
Comestibles
 b - a royal jelly
 c - 3 meat rations


   Skills:
 + Level 3.8 Fighting
 + Level 2.4(2.5) Axes
 + Level 0.8(1.7) Maces & Flails
 * Level 3.0 Armour
 + Level 1.8 Dodging
 * Level 2.8 Invocations


You had 4 spell levels left.
You didn't know any spells.

Dungeon Overview and Level Annotations

Branches:
Dungeon (3/15)

Altars:
Zin

Annotations:
D:3 Grinder, Sigmund


Innate Abilities, Weirdness & Mutations

Your body is rotting away.
You thrive on raw meat.
You are immune to poison.
You have sharp fingernails.
You are carnivorous and can eat meat at any time.
Your flesh is cold resistant. (rC+)
You are immune to negative energy. (rN+++)
You do not regenerate when monsters are visible.
You are immune to unholy pain and torment.
You can survive without breathing.


Message History

The stone hits you but does no damage.
You see here a stone.
The bat hits you.
* * * LOW HITPOINT WARNING * * *
The bat barely misses you.
Found a robe.
The bat closely misses you.
The orc shouts!
The bat hits you but does no damage.
A goblin comes into view.
The goblin shouts!
The gnoll shouts!
The bat barely misses you. The bat closely misses you.
The bat hits you but does no damage.
You see here a bread ration.
The bat hits you.
* * * LOW HITPOINT WARNING * * *
The bat hits you but does no damage. The bat hits you.
You die...

##..###..........
...###................
........g...##.##..
....g......###†# #.##.
#.##.###...###o###....
#...[##.%#..og........ .
#........####..g......K$
#.######b# ##.###......
.. ##..@## #.# .(...
##.....## #.# ##.....
#.......# #.##.......
#......)###5.(.#
#...........(.##
##.....####..##
##.....#.(...#
#........5...####
#...[...#(.....<...#


You could see a gnoll and a bat.

Vanquished Creatures
  Jessica (D:3)
  A gnoll (D:3)
  5 adders
  3 dart slugs
  A leopard gecko (D:2)
  An orc (D:3)
  9 bats
  7 goblins
  4 hobgoblins
  5 jackals
  3 kobolds
  A quokka (D:2)
  2 frilled lizards
  5 rats
48 creatures vanquished.

Notes
Turn   | Place    | Note
-------+----------+-------------------------------------------
     0 | Abyss:1  | Gargoyl the Ghoul Abyssal Knight began the quest for the Orb.
     0 | Abyss:1  | Reached XP level 1. HP: 19/19 MP: 1/1
    30 | Abyss:2  | Noticed a shadow demon
    32 | Abyss:2  | Noticed a rakshasa
    32 | Abyss:2  | Noticed a small abomination
    32 | Abyss:2  | Noticed a large abomination
    33 | D:1      | Escaped the Abyss
   154 | D:1      | Reached skill level 1 in Dodging
   189 | D:1      | Reached XP level 2. HP: 21/26 MP: 2/2
   755 | D:1      | Reached * piety under Lugonu
  1036 | D:2      | Reached XP level 3. HP: 11/31 MP: 3/3
  1107 | D:2      | Found a glowing silver altar of Zin.
  1714 | D:2      | Reached XP level 4. HP: 35/39 MP: 4/4
  2013 | D:3      | Noticed Jessica
  2016 | D:3      | Killed Jessica
  2066 | D:3      | Noticed Grinder
  2136 | D:3      | Noticed Sigmund
  2147 | D:3      | Reached XP level 5. HP: 17/46 MP: 6/6
  2194 | D:3      | HP: 2/46 [bat (1)]
  2202 | D:3      | HP: 1/46 [bat (1)]
  2204 | D:3      | Slain by a bat

Skill      XL: |  1  2  3  4  5 |
---------------+----------------+-----
Dodging        | 1 |  1.8
Armour         | 2 3 |  3.0
Axes           | 2 |  2.4
Fighting       | |  3.8
Maces & Flails | |  0.8
Invocations    | |  2.8

Action                   |  1- 3 |  4- 6 || total
-------------------------+-------+-------++-------
Melee: Hand axe          |    90 |       ||    90
       Whip              |    20 |    73 ||    93
Invok: Depart the Abyss  |     1 |       ||     1
  Use: Scroll            |     6 |     2 ||     8
       Potion            |       |     7 ||     7
  Eat: Chunk             |    24 |     8 ||    32
Armor: Ring mail         |    62 |    50 ||   112
Dodge: Dodged            |    90 |    45 ||   135
